 Dungeon Crawl Stone Soup version 0.20-a0-526-g753eaab (webtiles) character file.

98144 Duffy the Severer (level 15, 144/144 HPs)
             Began as a Minotaur Gladiator on Jan 26, 2017.
             Was the Champion of Makhleb.
             Quit the game on level 14 of the Dungeon.
             The game lasted 00:24:50 (23502 turns).

Duffy the Severer (Minotaur Gladiator)             Turns: 23502, Time: 00:24:51

Health: 144/144    AC: 27    Str: 29    XL:     15   Next: 74%
Magic:  15/15      EV: 16    Int:  9    God:    Makhleb [******]
Gold:   2072       SH:  0    Dex: 17    Spells: 14/14 levels left

rFire    . . .     SeeInvis .   a - +3 broad axe (freeze)
rCold    . . .     Gourm    .   K - +4 plate armour
rNeg     . . .     Faith    .   (no shield)
rPois    +         Spirit   .   c - +0 hat
rElec    .         Reflect  .   Q - +0 cloak
rCorr    .         Harm     .   J - +1 pair of gloves {Dex+3}
MR       +....     Rnd*Rage +   g - +0 pair of boots
Stlth    ..........             (no amulet)
Regen    0.4/turn               N - +4 ring of strength
                                t - +3 ring of protection

@: no status effects
A: retaliatory headbutt, horns 2, slimy green scales 1, agile 1, berserk 1,
clever 2, deformed body, low mp 2, poison resistance, evolution 1
a: Minor Destruction, Lesser Servant of Makhleb, Major Destruction, Greater
Servant of Makhleb, Renounce Religion


You were on level 14 of the Dungeon.
You worshipped Makhleb.
Makhleb was exalted by your worship.
You were not hungry.

You visited 3 branches of the dungeon, and saw 23 of its levels.
You also visited: Bailey.

You collected 3853 gold pieces.
You spent 1781 gold pieces at shops.

Inventory:

Hand Weapons
 a - a +3 broad axe of freezing (weapon)
 e - a +0 war axe of flaming
 A - the +11 flail of Disorder {freeze, rElec Dex+4}
   (You found it on level 5 of the Dungeon)

   It has been specially enchanted to freeze those struck by it, causing extra
   injury to most foes and up to half again as much damage against particularly
   susceptible opponents.
   It can also slow down cold-blooded creatures.
   It affects your dexterity (+4).
   It insulates you from electricity.
Missiles
 d - 2 throwing nets (quivered)
Armour
 c - a +0 hat (worn)
 g - a +0 pair of boots (worn)
 J - a +1 pair of gloves of dexterity (worn)
 K - a +4 plate armour (worn)
 Q - a +0 cloak (worn)
Jewellery
 t - a +3 ring of protection (left hand)
 I - an uncursed ring of fire
 N - a +4 ring of strength (right hand)
 S - an uncursed ring of protection from magic {unknown}
Wands
 l - a wand of digging (13/24)
 r - a wand of acid (12/15)
 D - a wand of lightning (12/15)
 H - a wand of paralysis (0/24)
 P - a wand of flame (34/48)
Scrolls
 i - 6 scrolls of enchant weapon
 j - a scroll of magic mapping
 m - 2 scrolls of identify
 q - 8 scrolls of teleportation
 s - a scroll of holy word {unknown}
 w - 3 scrolls of recharging
 x - 7 scrolls of immolation
 y - 18 scrolls of remove curse
 B - 6 scrolls of blinking
 G - 2 scrolls of fog
 M - 3 scrolls of summoning
 O - 2 scrolls of enchant armour
Potions
 b - 11 potions of curing
 k - 2 potions of cure mutation
 o - 3 potions of heal wounds
 v - 3 potions of invisibility
 z - 4 potions of agility
 C - 3 potions of haste
 E - 3 potions of ambrosia
 F - 2 potions of might
 L - a potion of cancellation
Miscellaneous
 h - a fan of gales
Comestibles
 f - 7 bread rations
 n - 14 royal jellies
 p - 13 meat rations
 u - 22 fruits
 R - 5 chunks of flesh


   Skills:
 + Level 16.1 Fighting
 + Level 18.7 Axes
 - Level 2.0 Throwing
 + Level 15.7 Armour
 + Level 12.2 Dodging
 - Level 7.0 Invocations


You had 14 spell levels left.
You didn't know any spells.

Dungeon Overview and Level Annotations

Branches:
Dungeon (15/15)            Temple (0/1) D:6            Lair (6/6) D:10
  Swamp (0/4) Lair:3        Snake (0/4) Lair:3        Slime (0/5) Lair:5
    Orc (2/2) D:11            Elf (0/3) Orc:2        Vaults (0/5) D:14
 Depths: D:15

Altars:
Cheibriados
Dithmenos
Fedhas
Hepliaklqana
Kikubaaqudgha
Makhleb
Nemelex Xobeh
Qazlal
Sif Muna
Trog
Vehumet
Xom
Zin
The Shining One
Jiyva

Shops:
D:5 (   D:11 [   Orc:1 ![   Orc:2 ([[*=

Annotations:
Lair:3 exclusion: oklob plant


Innate Abilities, Weirdness & Mutations

You reflexively headbutt those who attack you in melee.
You have a pair of horns on your head.
You are partially covered in slimy green scales. (AC +2)
You are agile. (Dex +2)
You tend to lose your temper in combat.
Your mind is very acute. (Int +4)
Armour fits poorly on your strangely shaped body.
Your magical capacity is very low. (-20% MP)
Your system is resistant to poisons. (rPois)
You evolve.


Message History

R - 2 chunks of flesh
Things that are here:
a dagger; a robe
Things that are here:
a dagger; a robe Eating one of 2 chunks of flesh.
You eat one of the 2 chunks of flesh.
This raw flesh tastes terrible.
You butcher the orc corpse.
R - 5 chunks of flesh (gained 4)
Things that are here:
a dagger; a robe; an orc skeleton
Things that are here:
a dagger; a robe; an orc skeleton
S - a knobbly tourmaline ring
Found a rapier.
A cyclops comes into view.
The cyclops shouts!
A cyclops is nearby!
A cyclops is nearby!
Are you sure you want to abandon this character and quit the game? (Confirm with "yes".)

.....# #......#.#.....
.....#
*##########......#.######
.....#
*........#####..##.# #..
.....# *........#
#..##.####.. ..####
*...)....# ##)##.#<....
..#
*........######>##.####.#
..#
*.^.....:........#....#..
..#
*........######..####.###
..# *.......@# #.....#
#.# # ..# *........#
#.###)# #.# # ..#
*........# #.###)# #.###
..# *###....?#*#.....#
#.... ### #.............#
#....
#......######.#**##.##
#......**,,,...,,...#
##.C...#*,,,...,.##.#*
*,,,,,*,,,.....,*#..,


You could see a cyclops.

Vanquished Creatures
  Gastronok (Lair:1)
  Kirke (D:14)
  2 orc warlords (Orc:2)
  Josephine (D:12)
  4 vault guards (D:14)
  6 hydras
  A centaur warrior (D:13)
  Erica (Lair:1)
  2 catoblepae
  10 two-headed ogres
  5 orc high priests (Orc:2)
  16 death yaks
  The ghost of DEFE the Nimble, a journeyman DEBe of Trog (D:11)
  Sonja (D:13)
  3 unseen horrors (D:14)
  A deep elf archer (Orc:2)
  An orc knight (Orc:2)
  Pikel (D:7)
  A deep elf mage (D:13)
  5 orc sorcerers (Orc:2)
  A wolf spider (Lair:5)
  3 manticores
  14 ugly things
  8 black mambas
  A centaur zombie (D:14)
  13 elephants
  16 spiny frogs
  Psyche (D:11)
  A torpor snail (Lair:6)
  A kobold demonologist (D:14)
  2 efreet
  10 komodo dragons
  7 trolls
  A harpy zombie (D:14)
  2 hornets
  2 polar bears
  3 blink frogs (Lair:4)
  2 dream sheep (Lair:6)
  7 slime creatures
  8 hippogriffs
  5 wraiths (D:12)
  3 wyverns
  2 shadows
  29 yaks
  5 basilisks
  Sigmund (D:2)
  A tarantella (shapeshifter) (D:14)
  A human (D:7)
  8 hogs
  A steam dragon (D:10)
  A warg (Orc:2)
  Menkaure (D:7)
  6 nagas (Lair:3)
  An acid dragon (D:11)
  4 swamp worms (Lair:3)
  11 water moccasins
  7 porcupines
  4 sky beasts
  3 phantoms
  5 black bears
  34 orc warriors
  5 ice beasts
  An eye of draining (D:11)
  13 ogres
  24 wolves
  18 centaurs
  12 crocodiles
  2 big kobolds
  Blork the orc (D:14)
  16 bullfrogs
  A gnoll sergeant (D:8)
  A wyvern zombie (D:14)
  7 killer bees
  4 scorpions
  An electric eel (Lair:3)
  4 howler monkeys
  5 wights (D:10)
  7 crimson imps
  A bullfrog zombie (D:11)
  A quasit (D:14)
  27 orc wizards
  7 hounds
  11 orc priests
  7 jellies
  2 bullfrog skeletons (D:13)
  Jessica (D:2)
  6 centaur skeletons
  6 iguanas
  7 worker ants
  A hound zombie (D:7)
  17 adders
  8 gnolls
  5 shadow imps
  2 oozes
  An adder skeleton (D:5)
  3 dart slugs
  8 leopard geckos
  65 orcs
  2 giant cockroaches
  5 goblins
  3 hobgoblins
  7 jackals (D:3)
  A quokka (D:3)
  6 bats
  A frilled lizard (D:1)
  23 kobolds
  A quokka skeleton (D:5)
  9 rats
  2 butterflies (Lair:3)
  10 fungi
  11 plants
689 creatures vanquished.

Vanquished Creatures (others)
  2 slaves (D:7)
  An orc priest (D:7)
  An orc wizard (D:7)
  15 fungi
  5 plants
24 creatures vanquished.

Grand Total: 713 creatures vanquished

Notes
Turn   | Place    | Note
-------+----------+-------------------------------------------
     0 | D:1      | Duffy the Minotaur Gladiator began the quest for the Orb.
     0 | D:1      | Reached XP level 1. HP: 18/18 MP: 0/0
   226 | D:1      | Found a sparkling altar of Nemelex Xobeh.
   529 | D:1      | Reached skill level 4 in Axes
   529 | D:1      | Reached XP level 2. HP: 22/25 MP: 1/1
  1188 | D:2      | Reached XP level 3. HP: 30/30 MP: 2/2
  1447 | D:2      | Noticed Sigmund
  1458 | D:2      | Killed Sigmund
  1458 | D:2      | Reached skill level 5 in Axes
  1458 | D:2      | Reached XP level 4. HP: 32/40 MP: 3/3
  1458 | D:2      | Reached XP level 5. HP: 37/46 MP: 4/4
  1954 | D:2      | Noticed Jessica
  1959 | D:2      | Killed Jessica
  1972 | D:2      | Found a burning altar of Makhleb.
  1972 | D:2      | Found a blossoming altar of Fedhas.
  1977 | D:2      | Became a worshipper of Makhleb the Destroyer
  2223 | D:3      | Found a snail-covered altar of Cheibriados.
  2659 | D:3      | Reached XP level 6. HP: 52/52 MP: 5/5
  3211 | D:4      | Reached skill level 6 in Axes
  3214 | D:4      | Reached * piety under Makhleb
  3641 | D:4      | Reached skill level 5 in Fighting
  3663 | D:4      | Reached skill level 7 in Axes
  3663 | D:4      | Reached XP level 7. HP: 61/61 MP: 6/6
  3866 | D:4      | Found a hazy altar of Hepliaklqana.
  3867 | D:4      | Found a shimmering altar of Xom.
  3867 | D:4      | Noticed a yak
  3868 | D:4      | Noticed a spectral ugly thing
  3868 | D:4      | Noticed a yak
  3979 | D:5      | Entered Level 5 of the Dungeon
  4032 | D:5      | Got a jewelled flail
  4271 | D:5      | Reached skill level 8 in Axes
  4328 | D:5      | Reached XP level 8. HP: 70/70 MP: 7/7
  4329 | D:5      | Reached ** piety under Makhleb
  4348 | D:5      | Found Zoibi's Antique Weapon Boutique.
  4380 | D:5      | Reached skill level 5 in Armour
  4572 | D:5      | Reached skill level 9 in Axes
  4733 | D:5      | Found a glowing golden altar of the Shining One.
  4784 | D:5      | Found a glowing silver altar of Zin.
  4819 | D:5      | Bought a runed broad axe for 160 gold pieces
  5071 | D:6      | Found a staircase to the Ecumenical Temple.
  5279 | D:6      | Found a shadowy altar of Dithmenos.
  5497 | D:7      | Noticed a two-headed ogre
  5509 | D:7      | Killed a two-headed ogre
  5509 | D:7      | Reached skill level 10 in Axes
  5509 | D:7      | Reached XP level 9. HP: 67/80 MP: 8/8
  5594 | D:7      | Noticed Menkaure
  5602 | D:7      | Killed Menkaure
  5602 | D:7      | Reached skill level 11 in Axes
  6214 | D:7      | Noticed Pikel
  6222 | D:7      | Killed Pikel
  6463 | D:7      | Reached *** piety under Makhleb
  6463 | D:7      | Reached skill level 12 in Axes
  6474 | D:7      | Reached XP level 10. HP: 64/90 MP: 9/9
  6765 | D:8      | Found a radiant altar of Vehumet.
  7225 | D:8      | Reached skill level 13 in Axes
  7351 | D:8      | Found a bloodstained altar of Trog.
  7708 | D:8      | Identified the +11 flail of Disorder {freeze, rElec Dex+4} (You found it on level 5 of the Dungeon)
  7747 | D:9      | Reached **** piety under Makhleb
  7819 | D:9      | Reached skill level 1 in Invocations
  8248 | D:9      | Noticed a two-headed ogre
  8252 | D:9      | Killed a two-headed ogre
  8304 | D:9      | Reached skill level 10 in Fighting
  8424 | D:9      | Reached skill level 14 in Axes
  8513 | D:9      | Noticed a two-headed ogre
  8519 | D:9      | Killed a two-headed ogre
  8519 | D:9      | Reached XP level 11. HP: 73/99 MP: 10/12
  8843 | D:10     | Entered Level 10 of the Dungeon
  9006 | D:10     | Found a staircase to the Lair.
  9023 | D:10     | Reached skill level 10 in Armour
  9113 | D:10     | Reached ***** piety under Makhleb
  9444 | D:10     | Noticed a two-headed ogre
  9449 | D:10     | Killed a two-headed ogre
 10041 | Lair:1   | Entered Level 1 of the Lair of Beasts
 10071 | Lair:1   | Noticed Erica
 10079 | Lair:1   | Killed Erica
 10334 | Lair:1   | Reached skill level 15 in Axes
 10399 | Lair:1   | Reached skill level 5 in Invocations
 10793 | Lair:1   | Noticed Gastronok
 10804 | Lair:1   | Killed Gastronok
 11191 | Lair:2   | Reached XP level 12. HP: 110/110 MP: 16/16
 11202 | Lair:2   | Noticed an eight-headed hydra
 11215 | Lair:2   | Killed a four-headed hydra
 11500 | Lair:2   | Reached skill level 5 in Dodging
 12700 | Lair:3   | Found a staircase to the Swamp.
 13451 | Lair:3   | Found a staircase to the Snake Pit.
 14037 | Lair:4   | Noticed a catoblepas
 14047 | Lair:4   | Killed a catoblepas
 14047 | Lair:4   | Reached XP level 13. HP: 119/119 MP: 17/17
 14478 | Lair:5   | Reached skill level 16 in Axes
 15358 | Lair:5   | Found a staircase to the Slime Pits.
 15359 | Lair:5   | Found a viscous altar of Jiyva.
 15568 | Lair:6   | Entered Level 6 of the Lair of Beasts
 15943 | Lair:6   | Reached ****** piety under Makhleb
 16403 | Lair:6   | Reached XP level 14. HP: 132/132 MP: 18/18
 16523 | Lair:6   | Reached skill level 17 in Axes
 16951 | Lair:6   | Reached skill level 10 in Dodging
 17461 | D:11     | Found Tonnew's Armour Shop.
 17470 | D:11     | Found a staircase to the Orcish Mines.
 17519 | Orc:1    | Entered Level 1 of the Orcish Mines
 17519 | Orc:1    | Found Faprarudd's Antique Armour Boutique.
 17530 | Orc:1    | Found Gysexur's Distillery.
 17800 | Orc:2    | Entered Level 2 of the Orcish Mines
 17809 | Orc:2    | Noticed an orc warlord
 17815 | Orc:2    | Found Jiykkile's Antique Armour Emporium.
 17816 | Orc:2    | Found Ukkejib's Armour Shop.
 17873 | Orc:2    | Found a staircase to the Elven Halls.
 17935 | Orc:2    | Found Jiuddif's Jewellery Boutique.
 18129 | Orc:2    | Killed an orc warlord
 18725 | Orc:2    | Paralysed by an orc sorcerer for 2 turns
 19013 | Orc:2    | Noticed an orc warlord
 19016 | Orc:2    | Reached skill level 15 in Fighting
 19028 | Orc:2    | Killed an orc warlord
 19044 | Orc:2    | Found Xiepe's General Store.
 19308 | Orc:2    | Found Elez Nejie's Antique Weapon Emporium.
 19527 | Orc:2    | Bought a scroll of acquirement for 832 gold pieces
 19529 | Orc:2    | Got a faintly glowing executioner's axe
 19530 | Orc:2    | Identified the +0 executioner's axe of Blind Justice {freeze, SInv} (You acquired it on level 2 of the Orcish Mines)
 19549 | Orc:2    | Bought a pair of runed gloves for 357 gold pieces
 19582 | Orc:1    | Bought a pair of glowing gloves for 378 gold pieces
 19604 | D:11     | Bought a +0 pair of boots for 54 gold pieces
 19719 | D:11     | Noticed DEFE's ghost (journeyman DEBe)
 19725 | D:11     | Killed DEFE's ghost
 19904 | D:11     | Noticed Psyche
 19909 | D:11     | Killed Psyche
 20263 | D:12     | Found a stormy altar of Qazlal.
 20295 | D:12     | Reached XP level 15. HP: 80/141 MP: 19/19
 20298 | D:12     | Reached skill level 18 in Axes
 20524 | D:12     | Gained mutation: Your mind is acute. (Int +2) [potion of beneficial mutation]
 20572 | D:12     | Noticed Josephine
 20584 | D:12     | Killed Josephine
 21134 | D:13     | Reached skill level 15 in Armour
 21845 | D:13     | Noticed Sonja
 21857 | D:13     | Killed Sonja
 22281 | D:14     | Found a flagged portal.
 22292 | Bailey   | Entered a bailey
 22559 | D:14     | Noticed Kirke
 22564 | D:13     | Gained mutation: Your magical capacity is low. (-10% MP) [mutagenic meat]
 22565 | D:13     | Gained mutation: You are partially covered in slimy green scales. (AC +2) [mutagenic meat]
 22566 | D:13     | Gained mutation: Your mind is very acute. (Int +4) [mutagenic meat]
 22590 | D:15     | Entered Level 15 of the Dungeon
 22787 | D:14     | Killed Kirke
 22833 | D:14     | Noticed Blork the orc
 22844 | D:14     | Killed Blork the orc
 22846 | D:14     | Found a deep blue altar of Sif Muna.
 22905 | D:14     | Found a gate to the Vaults.
 22990 | D:14     | Gained mutation: Your magical capacity is very low. (-20% MP) [mutagenic meat]
 22991 | D:14     | Gained mutation: You are robust. (+10% HP) [mutagenic meat]
 23079 | D:13     | Found an ancient bone altar of Kikubaaqudgha.
 23257 | D:14     | Gained mutation: You tend to lose your temper in combat. [mutagenic meat]
 23258 | D:14     | Gained mutation: You evolve. [mutagenic meat]
 23259 | D:14     | Gained mutation: You are agile. (Dex +2) [mutagenic meat]
 23260 | D:14     | Lost mutation: You are robust. (+10% HP) [mutagenic meat]
 23261 | D:14     | Gained mutation: Armour fits poorly on your strangely shaped body. [mutagenic meat]
 23302 | D:14     | Gained mutation: Your system is resistant to poisons. (rPois) [mutagenic meat]
 23502 | D:14     | Quit the game

Vault maps used:
D:1:      roderic_dead_forest, minmay_stone_trees_large, nemelex_altar_shiori
D:2:      gammafunk_temple_overflow_statue, uniq_jessica, uniq_sigmund
D:3:      kennysheep_slug_shrine, first_bread, lexackson_kobold_supper
D:4:      regret_index_temple_of_mockery
D:5:      marbit_many_paths, serial_shops, nicolae_shop_statue_plus, tso_altar
D:6:      grunt_dithmenos_smoke, minmay_temple_entry_grid,
          minmay_strange_pillars
D:7:      grunt_livestock, uniq_menkaure, uniq_pikel
D:8:      lemuel_doored_altar, lemuel_crystal_altar, serial_bayou_lagoon_a
D:9:      nicolae_underground_beach
D:10:     david_lair_generic
D:11:     orc_david_3, st_stairs_10, grunt_ministairs_10, uniq_psyche
D:12:     nicolae_qazlal_general_emergency, uniq_josephine
D:13:     lemuel_upstairs_altar, lightli_corner_chamber, uniq_sonja
D:14:     lightli_vaults_fourway_checkpoint, enter_bailey_2, hex_intersection,
          tgw_sif, uniq_kirke
D:15:     gammafunk_enter_depths_forms, minmay_crystal_room, grunt_ministairs_9
Lair:1:   lemuel_fruit_tree, infiniplex_staircase_pool, uniq_gastronok,
          uniq_erica
Lair:3:   nicolae_swamp_entry_splash_gauntlet,
          minmay_snake_entry_guardpost_medium, minivault_24,
          hangedman_lair_unloving_vines, minmay_lair_oklob_chamber,
          lemuel_fruit_fields
Lair:4:   grunt_megastairs_1
Lair:5:   minmay_lair_venomous_thicket, slime_altar_1
Lair:6:   hangedman_lair_in_review, hibernation_bobbens
Orc:1:    serial_shops, shop, shop
Orc:2:    grunt_orc_gardens, grunt_orc_garden, grunt_orc_garden,
          grunt_orc_garden, grunt_orc_garden, serial_shops, shop, elf_legates
Bailey:   bailey_polearm_4, bailey

Skill      XL: |  1  2  3  4  5  6  7  8  9 10 11 12 13 14 15 |
---------------+----------------------------------------------+-----
Axes           | 4 5 7 8 10 12 14 15 16 17 18 | 18.7
Fighting       | 3 4 5 6 7 8 10 11 12 14 15 16 | 16.1
Armour         | 2 3 4 6 8 9 10 12 13 14 15 | 15.7
Dodging        | 4 7 9 11 12 | 12.2
Invocations    | 3 7 |  7.0
Throwing       | |  2.0

Action                   |  1- 3 |  4- 6 |  7- 9 | 10-12 | 13-15 || total
-------------------------+-------+-------+-------+-------+-------++-------
Melee: War axe           |    44 |   126 |    92 |       |       ||   262
       Headbutt          |    11 |    28 |    43 |   111 |   266 ||   459
       Broad axe         |       |       |    96 |   478 |   946 ||  1520
       Scimitar          |       |       |       |     5 |     9 ||    14
       Unarmed           |       |       |       |       |    19 ||    19
Throw: Throwing net      |     1 |       |       |       |       ||     1
Evoke: Wand              |       |       |       |     8 |     8 ||    16
  Use: Scroll            |     2 |     5 |     5 |    16 |    10 ||    38
       Potion            |       |       |       |       |     2 ||     2
 Stab: Petrified         |       |       |       |       |     4 ||     4
       Petrifying        |       |       |       |       |     1 ||     1
       Paralysed         |       |       |       |       |     1 ||     1
  Eat: Chunk             |     2 |     7 |     9 |    16 |    39 ||    73
       Bread ration      |       |       |       |     2 |     1 ||     3
Armor: Chain mail        |    18 |    22 |       |       |    44 ||    84
       Plate armour      |       |    55 |   114 |   319 |   443 ||   931
Dodge: Dodged            |     9 |    53 |    78 |   214 |   512 ||   866
       Rpst.: Scimitar   |       |       |       |     1 |       ||     1
